| TOP OF THE 1ST |
|
Minnesota Twins batting - Pitching for Chicago White Sox : LHP John Candelaria
|
|
Pitching: LHP John Candelaria
|
|
|
Batting: RHB Lee Lacy
|
0-0: Called Strike 0-1: Foul Ball, location: 2F 0-2: Ball 1-2: DOUBLE (Line Drive, 78D, EV 97.5 MPH)
|
|
Batting: RHB Steve Brye
|
0-0: Foul Ball, location: 2F 0-1: Foul Ball, location: 2F 0-2: Ground out 6-3 (Groundball, 6, EV 86.3 MPH)
|
|
Batting: RHB Larry Hisle
|
0-0: Foul Ball, location: 2F 0-1: Ground out 6-3 (Groundball, 6S, EV 87.5 MPH)
|
|
Batting: RHB Randy Edwards
|
0-0: Foul Ball, location: 2F 0-1: Swinging Strike 0-2: Ball 1-2: Foul Ball, location: 2F 1-2: Fly out, F8 (Line Drive, 8LM, EV 86.3 MPH)
|
| Top of the 1st over - 0 runs, 1 hit, 0 errors, 1 left on base; Minnesota 0 - Chicago 0 |
| BOTTOM OF THE 1ST |
|
Chicago White Sox batting - Pitching for Minnesota Twins : RHP Marcos Ortega
|
|
Pitching: RHP Marcos Ortega
|
|
|
Batting: SHB Ozzie Smith
|
0-0: Foul Ball, location: 2F 0-1: Called Strike 0-2: Foul Ball, location: 2F 0-2: Ground out U3 (Groundball, 3, EV 85.6 MPH)
|
|
Batting: LHB Rudy Law
|
0-0: Ball 1-0: Ball 2-0: Fly out, F6 (Popup, 6S, EV 65.6 MPH)
|
|
Batting: RHB Steve Henderson
|
0-0: Ball 1-0: Ball 2-0: Ball 3-0: Called Strike 3-1: Base on Balls
|
|
Batting: RHB Tim Teufel
|
0-0: Ball 1-0: Called Strike Steve Henderson steals 2nd base 1-1: Swinging Strike 1-2: Fly out, F3 (Popup, 23F, EV 83.1 MPH)
|
| Bottom of the 1st over - 0 runs, 0 hits, 0 errors, 1 left on base; Minnesota 0 - Chicago 0 |
| TOP OF THE 2ND |
|
Minnesota Twins batting - Pitching for Chicago White Sox : LHP John Candelaria
|
|
Batting: LHB Lloyd Moseby
|
0-0: Called Strike 0-1: Ball 1-1: Foul Ball, location: 2F 1-2: Fly out, F8 (Flyball, 78S, EV 76.3 MPH)
|
|
Batting: RHB Matt Cooper
|
0-0: Ball 1-0: Fly out, F4 (Popup, 34S, EV 85.0 MPH)
|
|
Batting: RHB Chet Lemon
|
0-0: Ball 1-0: Ball 2-0: Ball 3-0: Called Strike 3-1: Swinging Strike 3-2: Strikes out swinging
|
| Top of the 2nd over - 0 runs, 0 hits, 0 errors, 0 left on base; Minnesota 0 - Chicago 0 |
| BOTTOM OF THE 2ND |
|
Chicago White Sox batting - Pitching for Minnesota Twins : RHP Marcos Ortega
|
|
Batting: SHB Dwayne Taggart
|
0-0: Ball 1-0: Ball 2-0: Ball 3-0: Called Strike 3-1: Base on Balls
|
|
Batting: RHB Mike Heath
|
0-0: Swinging Strike 0-1: Ball 1-1: Called Strike 1-2: DOUBLE (Groundball, 5L, EV 107.5 MPH) Dwayne Taggart to third Runner from 3rd tries for Home, SAFE, throw by LF to home
|
|
Batting: LHB Mitchell Page
|
0-0: Swinging Strike 0-1: Ball 1-1: Fly out, F9 (Flyball, 9, EV 93.8 MPH)
|
|
Batting: LHB Ryan MacFarland
|
0-0: Ball 1-0: Fly out, F8 (Flyball, 8LXD, EV 94.4 MPH) Runner from 2nd tags up, SAFE at 3rd, no throw by CF
|
|
Batting: LHB Steve Christmas
|
0-0: Called Strike 0-1: Ground out 4-3 (Groundball, 4, EV 83.1 MPH)
|
| Bottom of the 2nd over - 1 run, 1 hit, 0 errors, 1 left on base; Minnesota 0 - Chicago 1 |
| TOP OF THE 3RD |
|
Minnesota Twins batting - Pitching for Chicago White Sox : LHP John Candelaria
|
|
Batting: RHB Aurelio Rodriguez
|
0-0: Swinging Strike 0-1: Ball 1-1: Ball 2-1: SINGLE (Line Drive, 89M, EV 105.6 MPH)
|
|
Batting: LHB Ken Oberkfell
|
0-0: Foul Ball, location: 2F 0-1: Ball 1-1: Fly out, F7 (Flyball, 7S, EV 83.8 MPH)
|
|
Batting: RHB Lee Lacy
|
0-0: Grounds into double play, 5-4-3 (Groundball, 56S, EV 85.0 MPH)
|
| Top of the 3rd over - 0 runs, 1 hit, 0 errors, 0 left on base; Minnesota 0 - Chicago 1 |
| BOTTOM OF THE 3RD |
|
Chicago White Sox batting - Pitching for Minnesota Twins : RHP Marcos Ortega
|
|
Batting: SHB Ozzie Smith
|
0-0: Called Strike 0-1: Ball 1-1: Reached on error, E3 (Groundball, 3, EV 91.9 MPH)
|
|
Batting: LHB Rudy Law
|
0-0: Fly out, F8 (Flyball, 8LM, EV 81.3 MPH)
|
|
Batting: RHB Steve Henderson
|
0-0: Called Strike 0-1: Ball 1-1: Ball Wild Pitch! Ozzie Smith to second 2-1: Ball 3-1: Called Strike Ozzie Smith steals 3rd base (no throw) 3-2: Fly out, F9 (Line Drive, 9, EV 96.3 MPH) Runner from 3rd tags up, SCORES, throw by RF
|
|
Batting: RHB Tim Teufel
|
0-0: Called Strike 0-1: Foul Ball, location: 2F 0-2: Ball 1-2: DOUBLE (Flyball, 89D, EV 108.8 MPH)
|
|
Batting: SHB Dwayne Taggart
|
0-0: Called Strike 0-1: Swinging Strike 0-2: Ball 1-2: Strikes out swinging
|
| Bottom of the 3rd over - 1 run, 1 hit, 1 error, 1 left on base; Minnesota 0 - Chicago 2 |
| TOP OF THE 4TH |
|
Minnesota Twins batting - Pitching for Chicago White Sox : LHP John Candelaria
|
|
Batting: RHB Steve Brye
|
0-0: Ball 1-0: Called Strike 1-1: Swinging Strike 1-2: Strikes out swinging
|
|
Batting: RHB Larry Hisle
|
0-0: Called Strike 0-1: Swinging Strike 0-2: Hit by Pitch
|
|
Batting: RHB Randy Edwards
|
0-0: Ball 1-0: Ball 2-0: Called Strike 2-1: Called Strike 2-2: Foul Ball, location: 2F 2-2: Ball 3-2: Grounds into double play, 4-6-3 (Groundball, 34, EV 107.5 MPH)
|
| Top of the 4th over - 0 runs, 0 hits, 0 errors, 0 left on base; Minnesota 0 - Chicago 2 |
| BOTTOM OF THE 4TH |
|
Chicago White Sox batting - Pitching for Minnesota Twins : RHP Marcos Ortega
|
|
Batting: RHB Mike Heath
|
0-0: Ball 1-0: DOUBLE (Groundball, 5L, EV 101.3 MPH)
|
|
Batting: LHB Mitchell Page
|
0-0: Called Strike 0-1: Fly out, F4 (Flyball, 4MD, EV 89.4 MPH)
|
|
Batting: LHB Ryan MacFarland
|
0-0: Ball 1-0: Called Strike 1-1: Ball 2-1: Foul Ball, location: 2F 2-2: Strikes out looking
|
|
Batting: LHB Steve Christmas
|
0-0: Called Strike 0-1: Ball 1-1: Ball 2-1: Reached on error, E6 (Popup, 6M, EV 70.6 MPH) Mike Heath to third
|
|
Batting: SHB Ozzie Smith
|
0-0: Ball 1-0: Called Strike 1-1: Ball 2-1: Called Strike 2-2: Ball 3-2: Ground out 4-3 (Groundball, 4, EV 85.0 MPH)
|
| Bottom of the 4th over - 0 runs, 1 hit, 1 error, 2 left on base; Minnesota 0 - Chicago 2 |
| TOP OF THE 5TH |
|
Minnesota Twins batting - Pitching for Chicago White Sox : LHP John Candelaria
|
|
Batting: LHB Lloyd Moseby
|
0-0: Swinging Strike 0-1: Fly out, F4 (Popup, 34D, EV 55.0 MPH)
|
|
Batting: RHB Matt Cooper
|
0-0: Foul Ball, location: 2F 0-1: Foul Ball, location: 2F 0-2: Fly out, F8 (Flyball, 89D, EV 80.6 MPH)
|
|
Batting: RHB Chet Lemon
|
0-0: Foul Ball, location: 2F 0-1: Foul Ball, location: 2F 0-2: Fly out, F8 (Flyball, 8LD, EV 92.5 MPH)
|
| Top of the 5th over - 0 runs, 0 hits, 0 errors, 0 left on base; Minnesota 0 - Chicago 2 |
| BOTTOM OF THE 5TH |
|
Chicago White Sox batting - Pitching for Minnesota Twins : RHP Marcos Ortega
|
|
Batting: LHB Rudy Law
|
0-0: Fly out, F7 (Flyball, 78D, EV 96.3 MPH)
|
|
Batting: RHB Steve Henderson
|
0-0: Foul Ball, location: 2F 0-1: Fly out, F9 (Flyball, 89M, EV 90.0 MPH)
|
|
Batting: RHB Tim Teufel
|
0-0: Ball 1-0: Ball 2-0: Swinging Strike 2-1: Ground out U3 (Groundball, 34, EV 91.9 MPH)
|
| Bottom of the 5th over - 0 runs, 0 hits, 0 errors, 0 left on base; Minnesota 0 - Chicago 2 |
| TOP OF THE 6TH |
|
Minnesota Twins batting - Pitching for Chicago White Sox : LHP John Candelaria
|
|
Batting: RHB Aurelio Rodriguez
|
0-0: Ball 1-0: Reached on error, E6 (Groundball, 6, EV 93.8 MPH)
|
|
Batting: LHB Ken Oberkfell
|
0-0: Called Strike 0-1: Foul Ball, location: 2F 0-2: Ball 1-2: Strikes out swinging
|
|
Batting: RHB Lee Lacy
|
0-0: Called Strike 0-1: Fly out, F9 (Flyball, 9S, EV 86.3 MPH)
|
|
Batting: RHB Steve Brye
|
0-0: DOUBLE (Line Drive, 78D, EV 106.9 MPH) Aurelio Rodriguez to third Runner from 3rd tries for Home, throw by CF and OUT! 8-6-2
|
| Top of the 6th over - 0 runs, 1 hit, 1 error, 1 left on base; Minnesota 0 - Chicago 2 |
| BOTTOM OF THE 6TH |
|
Chicago White Sox batting - Pitching for Minnesota Twins : RHP Marcos Ortega
|
|
Batting: SHB Dwayne Taggart
|
0-0: Ball 1-0: Called Strike 1-1: Fly out, F6 (Popup, 6M, EV 63.8 MPH)
|
|
Batting: RHB Mike Heath
|
0-0: Ball 1-0: Ball 2-0: Called Strike 2-1: Ball 3-1: Base on Balls
|
|
Batting: LHB Mitchell Page
|
0-0: Ball Mike Heath steals 2nd base 1-0: Foul Ball, location: 2F 1-1: Swinging Strike 1-2: Strikes out swinging
|
|
Batting: LHB Ryan MacFarland
|
0-0: Swinging Strike 0-1: Foul Ball, location: 2F 0-2: SINGLE (Line Drive, 4M, EV 96.9 MPH) Mike Heath to third Runner from 3rd tries for Home, SAFE, throw by CF to home
|
|
Batting: LHB Steve Christmas
|
0-0: Called Strike 0-1: Ball 1-1: Ball 2-1: DOUBLE (Flyball, 8RXD, EV 104.4 MPH) Ryan MacFarland to third Runner from 3rd tries for Home, SAFE, no throw by CF
|
|
Batting: SHB Ozzie Smith
|
0-0: Foul Ball, location: 2F 0-1: Ball 1-1: Called Strike 1-2: Strikes out swinging
|
| Bottom of the 6th over - 2 runs, 2 hits, 0 errors, 1 left on base; Minnesota 0 - Chicago 4 |
| TOP OF THE 7TH |
|
Minnesota Twins batting - Pitching for Chicago White Sox : LHP John Candelaria
|
|
Batting: RHB Larry Hisle
|
0-0: Called Strike 0-1: Ball 1-1: Fly out, F9 (Flyball, 89D, EV 95.0 MPH)
|
|
Batting: RHB Randy Edwards
|
0-0: Called Strike 0-1: SINGLE (Line Drive, 7S, EV 93.1 MPH)
|
|
Batting: LHB Lloyd Moseby
|
0-0: Ball 1-0: Fly out, F6 (Popup, 6MS, EV 63.1 MPH)
|
|
Batting: RHB Matt Cooper
|
0-0: Called Strike 0-1: Ball 1-1: Ball 2-1: Ball 3-1: Foul Ball, location: 2F 3-2: Foul Ball, location: 2F 3-2: Fly out, F8 (Flyball, 8RD, EV 101.3 MPH)
|
| Top of the 7th over - 0 runs, 1 hit, 0 errors, 1 left on base; Minnesota 0 - Chicago 4 |
| BOTTOM OF THE 7TH |
|
Chicago White Sox batting - Pitching for Minnesota Twins : RHP Marcos Ortega
|
|
Batting: LHB Rudy Law
|
0-0: Ball 1-0: Foul Ball, location: 2F 1-1: Ball 2-1: Foul Ball, location: 2F 2-2: Fly out, F8 (Flyball, 89D, EV 100.0 MPH)
|
|
Pitching: RHP John Martin
|
|
|
Batting: RHB Steve Henderson
|
0-0: Ball 1-0: Swinging Strike 1-1: Foul Ball, location: 2F 1-2: Foul Ball, location: 2F 1-2: Strikes out swinging, 2-3 out at first.
|
|
Batting: RHB Tim Teufel
|
0-0: Ball 1-0: Called Strike 1-1: Called Strike 1-2: Foul Ball, location: 2F 1-2: Strikes out looking
|
| Bottom of the 7th over - 0 runs, 0 hits, 0 errors, 0 left on base; Minnesota 0 - Chicago 4 |
| TOP OF THE 8TH |
|
Minnesota Twins batting - Pitching for Chicago White Sox : LHP John Candelaria
|
|
Batting: RHB Chet Lemon
|
0-0: Called Strike 0-1: Foul Ball, location: 2F 0-2: Ball 1-2: Foul Ball, location: 2F 1-2: Foul Ball, location: 2F 1-2: Ball 2-2: Ball 3-2: Ground out U3 (Groundball, 13, EV 85.6 MPH)
|
|
Batting: RHB Aurelio Rodriguez
|
0-0: Swinging Strike 0-1: Ball 1-1: Swinging Strike 1-2: Ball 2-2: Strikes out swinging
|
|
Batting: LHB Ken Oberkfell
|
0-0: Ball 1-0: Called Strike 1-1: Reached on error, E3 (Groundball, 34, EV 91.3 MPH)
|
|
Pitching: RHP Dickie Noles
|
|
|
Batting: RHB Lee Lacy
|
0-0: Foul Ball, location: 2F 0-1: Called Strike 0-2: Fly out, F5 (Line Drive, 5, EV 72.5 MPH)
|
| Top of the 8th over - 0 runs, 0 hits, 1 error, 1 left on base; Minnesota 0 - Chicago 4 |
| BOTTOM OF THE 8TH |
|
Chicago White Sox batting - Pitching for Minnesota Twins : RHP John Martin
|
|
Batting: SHB Dwayne Taggart
|
0-0: Ball 1-0: Foul Ball, location: 2F 1-1: Called Strike 1-2: Ball 2-2: Ground out U3 (Groundball, 34S, EV 82.5 MPH)
|
|
Batting: RHB Mike Heath
|
0-0: Fly out, F8 (Flyball, 78XD, EV 85.0 MPH)
|
|
Batting: LHB Mitchell Page
|
0-0: Ball 1-0: Ground out 4-3 (Groundball, 4, EV 87.5 MPH)
|
| Bottom of the 8th over - 0 runs, 0 hits, 0 errors, 0 left on base; Minnesota 0 - Chicago 4 |
| TOP OF THE 9TH |
|
Minnesota Twins batting - Pitching for Chicago White Sox : RHP Dickie Noles
|
|
Batting: RHB Steve Brye
|
0-0: Ball 1-0: Called Strike 1-1: Called Strike 1-2: Ball 2-2: Ball 3-2: Base on Balls
|
|
Batting: RHB Larry Hisle
|
0-0: Ball 1-0: Ball 2-0: Ball 3-0: Called Strike 3-1: Base on Balls Steve Brye to second
|
|
Batting: RHB Randy Edwards
|
0-0: Grounds into double play, 4-6-3 (Groundball, 4, EV 81.9 MPH) Steve Brye to third
|
|
Batting: LHB Lloyd Moseby
|
0-0: Ball 1-0: Foul Ball, location: 2F 1-1: Ball 2-1: Ball 3-1: Ground out U3 (Groundball, 34, EV 82.5 MPH)
|
| Top of the 9th over - 0 runs, 0 hits, 0 errors, 1 left on base; Minnesota 0 - Chicago 4 |
|